[Event "Titled Tuesday Blitz February 21 Early 2023"]
[White "Karas, Marek"]
[Black "parintele_chess"]
[WhiteFideId "14928558"]
[WhiteElo "2227"]
[BlackElo "2249"]
[Result "1-0"]
[Round "03"]
[TimeControl "180+2"]
[Date "2023.02.21"]
[WhiteClock "0:00:39"]
[BlackClock "0:00:03"]

1. e4 e5 2. Nf3 Nc6 3. Bc4 Nf6 4. d3 Bc5 5. c3 d6 6. Nbd2 h6 7. Nf1 Bb6 8. Ng3 O-O 9. Bb3 Re8 10. h3 Be6 11. Bc2 d5 12. O-O dxe4 13. dxe4 Qxd1 14. Rxd1 Rad8 15. Rxd8 Rxd8 16. Bd2 Na5 17. b3 Nc6 18. Rd1 Ba5 19. Be1 Rxd1 20. Bxd1 b5 21. b4 Bb6 22. Bb3 Bxb3 23. axb3 a5 24. bxa5 Nxa5 25. Nd2 c5 26. Kf1 Nc6 27. f3 Ba5 28. Nb1 b4 29. Nf5 bxc3 30. Bxc3 Bxc3 31. Nxc3 Nd4 32. Nxd4 exd4 33. Nb1 Nd7 34. Ke2 g5 35. g3 Ne5 36. Nd2 Kf8 37. f4 Ng6 38. Kf3 f6 39. Nc4 Ke7 40. Nb2 Kd6 41. Nd3 gxf4 42. gxf4 h5 43. Ke2 Ne7 44. Nf2 f5 45. Kd3 fxe4+ 46. Kxe4 Ng6 47. Nd3 Nh4 48. f5 Kc6 49. f6 Ng6 50. Kf5 Nf8 51. Ke5 Kb5 52. Kd5 Nd7 53. f7 Nb6+ 54. Kd6 Nc8+ 55. Ke6 1-0


[Site "https://www.chess.com"]

[Event "Titled Tuesday Blitz February 21 Early 2023"]
[White "Arencibia Monduy, Antonio"]
[Black "Kornyukov, Alexey"]
[WhiteFideId "3507939"]
[BlackFideId "4150457"]
[WhiteElo "2122"]
[BlackElo "2452"]
[Result "1-0"]
[Round "03"]
[TimeControl "180+2"]
[Date "2023.02.21"]
[WhiteClock "0:00:32"]
[BlackClock "0:00:14"]

1. e4 c5 2. Nf3 Nc6 3. c3 e6 4. d4 cxd4 5. cxd4 d5 6. e5 Bb4+ 7. Nc3 Nge7 8. a3 Bxc3+ 9. bxc3 O-O 10. Bd3 f6 11. exf6 Rxf6 12. Bg5 Rf8 13. O-O Qc7 14. Re1 Nf5 15. Qd2 h6 16. Bf4 Qf7 17. Ne5 Nxe5 18. Bxe5 Bd7 19. Rab1 Bc6 20. Bb5 Bxb5 21. Rxb5 b6 22. a4 Qg6 23. a5 Nh4 24. Bg3 Nf5 25. axb6 axb6 26. Rxb6 Rae8 27. Qe2 h5 28. Rxe6 Rxe6 29. Qxe6+ Qxe6 30. Rxe6 Rc8 31. Be5 Rxc3 32. g3 h4 33. Kg2 Rc2 34. g4 Ne3+ 35. Kf3 Nd1 36. g5 Rxf2+ 37. Kg4 Ne3+ 38. Kh5 Kf7 39. Ra6 Nf5 40. Ra7+ Kf8 41. Kg6 Ne7+ 42. Kh7 Nf5 43. g6 Rg2 44. Rf7+ Ke8 45. Rxf5 Rxg6 46. Kxg6 1-0


[Site "https://www.chess.com"]

[Event "Titled Tuesday Blitz February 21 Early 2023"]
[White "Levitan, Caleb Levi"]
[Black "Ezat, Mohamed"]
[WhiteFideId "14332620"]
[BlackFideId "10600906"]
[WhiteElo "2129"]
[BlackElo "2402"]
[Result "0-1"]
[Round "03"]
[TimeControl "180+2"]
[Date "2023.02.21"]
[WhiteClock "0:00:02"]
[BlackClock "0:00:47"]

1. e4 d5 2. exd5 c6 3. dxc6 Nxc6 4. Nf3 e5 5. Nc3 Bd6 6. d3 f5 7. Bg5 Nf6 8. Be2 h6 9. Bxf6 Qxf6 10. O-O O-O 11. Re1 Be6 12. Bf1 Rad8 13. Qe2 Rfe8 14. Rad1 Nd4 15. Nxd4 exd4 16. Nb1 Bf7 17. Qf3 Bxa2 18. Nd2 Rxe1 19. Rxe1 Bb4 20. Re2 Bd5 21. Qg3 Bd6 22. Qh3 g5 23. f3 Bf4 24. Nc4 b5 25. Na3 a6 26. Nb1 Kh8 27. c3 g4 28. Qh5 Be3+ 29. Kh1 gxf3 30. gxf3 Rg8 31. Bg2 Kh7 32. cxd4 Rg5 33. Qh3 Qxd4 34. Nc3 Qxd3 35. Nxd5 Qd1+ 0-1


[Site "https://www.chess.com"]

[Event "Titled Tuesday Blitz February 21 Early 2023"]
[White "Guimaraes, Wagner Peixoto"]
[Black "Kuzmin, Roman"]
[WhiteFideId "2100940"]
[BlackFideId "44134932"]
[WhiteElo "2194"]
[BlackElo "2198"]
[Result "1-0"]
[Round "03"]
[TimeControl "180+2"]
[Date "2023.02.21"]
[WhiteClock "0:00:03"]
[BlackClock "0:00:08"]

1. e4 c5 2. Nf3 d6 3. d4 cxd4 4. Nxd4 Nf6 5. Nc3 a6 6. Bg5 e6 7. f4 Qb6 8. Nb3 h6 9. Bxf6 gxf6 10. Qd3 Nc6 11. O-O-O Bd7 12. g3 O-O-O 13. Kb1 Be7 14. Bg2 Kb8 15. Rhe1 Rc8 16. Nd4 Nxd4 17. Qxd4 Qxd4 18. Rxd4 Bc6 19. Bh3 b5 20. a3 h5 21. f5 Bd7 22. fxe6 fxe6 23. Nd5 Bd8 24. Nb4 Be7 25. Nxa6+ Kb7 26. Nb4 Rc7 27. Bg2 Kb6 28. Red1 h4 29. Rxd6+ Bxd6 30. Rxd6+ Ka7 31. Bf3 hxg3 32. hxg3 Bc8 33. Nc6+ Kb6 34. Nb4+ Kc5 35. Rd3 Kb6 36. Rd6+ Kc5 37. Rd3 Rh3 38. Rc3+ Kb6 39. Rd3 Rxg3 40. e5 fxe5 41. Rd6+ Kc5 42. Rd3 e4 43. Bxe4 Rxd3 44. Bxd3 Rh7 45. Bxh7 e5 46. Be4 1-0


[Site "https://www.chess.com"]

[Event "Titled Tuesday Blitz February 21 Early 2023"]
[White "Gharamian, Tigran"]
[Black "Tworuszka, Michal"]
[WhiteFideId "13301527"]
[BlackFideId "1117858"]
[WhiteElo "2601"]
[BlackElo "2260"]
[Result "1-0"]
[Round "03"]
[TimeControl "180+2"]
[Date "2023.02.21"]
[WhiteClock "0:00:20"]
[BlackClock "0:00:02"]

1. d4 Nf6 2. c4 g6 3. Nc3 d5 4. e3 Bg7 5. Nf3 O-O 6. Be2 c5 7. dxc5 dxc4 8. O-O Nbd7 9. c6 bxc6 10. Bxc4 Nb6 11. Bd3 Nfd5 12. Nxd5 cxd5 13. Nd4 Bd7 14. Bd2 e5 15. Nb3 e4 16. Ba6 Bxb2 17. Bb4 Bxa1 18. Qxa1 Re8 19. Rd1 Bg4 20. Rc1 Rc8 21. Bxc8 Nxc8 22. Qd4 Qg5 23. Bc3 f6 24. Qxf6 Qxf6 25. Bxf6 Nd6 26. h3 Be6 27. Rc7 Rc8 28. Rg7+ Kf8 29. Rxa7 Nf5 30. Rxh7 Rc2 31. Ra7 Bf7 32. Nd4 Nd6 33. Nxc2 1-0


[Site "https://www.chess.com"]

[Event "Titled Tuesday Blitz February 21 Early 2023"]
[White "Buscar, Michael"]
[Black "Dauner, Benedikt"]
[WhiteFideId "2603616"]
[BlackFideId "16225899"]
[WhiteElo "2041"]
[BlackElo "2400"]
[Result "1/2-1/2"]
[Round "03"]
[TimeControl "180+2"]
[Date "2023.02.21"]
[WhiteClock "0:00:24"]
[BlackClock "0:00:19"]

1. d4 d6 2. c4 e5 3. dxe5 dxe5 4. Qxd8+ Kxd8 5. Nf3 f6 6. b3 c6 7. Bb2 Be6 8. e3 Nd7 9. Be2 Kc7 10. O-O a5 11. a3 Ne7 12. Nbd2 Nf5 13. Rfc1 Nc5 14. b4 Na4 15. Rab1 axb4 16. axb4 Nxb2 17. Rxb2 b6 18. g4 Nh6 19. g5 Nf7 20. gxf6 gxf6 21. Ne4 Be7 22. c5 b5 23. Nd6 Rhg8+ 24. Kf1 Ng5 25. Nxg5 Rxg5 26. Bf3 Ra3 27. Rd1 Rg8 28. Rbb1 f5 29. Ra1 Ra4 30. Rxa4 bxa4 31. Ra1 Ra8 32. b5 Bxd6 33. cxd6+ Kxd6 34. Bxc6 Ra5 35. Ke1 a3 36. Kd2 a2 37. Kc3 Kc7 38. Kb2 Kb6 39. Rc1 Ra4 40. Be8 Rb4+ 41. Ka1 Bd5 42. Bc6 Bc4 43. Rg1 Ka5 44. f4 exf4 45. exf4 Kb6 46. Bd7 Bf7 47. Bxf5 Rxf4 48. Bxh7 Rf2 49. Bg8 Bxg8 50. Rxg8 Rxh2 51. Rb8+ Ka5 52. Ra8+ Kxb5 53. Rxa2 Rh1+ 54. Kb2 Kb4 55. Ra8 Rh2+ 56. Kc1 Rh1+ 57. Kd2 Rh7 58. Rb8+ Kc5 59. Rc8+ Kd6 60. Rd8+ Ke7 61. Rd3 Rh6 62. Re3+ Kd6 63. Rd3+ Kc5 64. Kc3 Rh4 65. Rg3 Rc4+ 66. Kd3 Rd4+ 67. Kc3 Rc4+ 68. Kd3 Ra4 69. Rg5+ Kd6 70. Kc3 Ke6 71. Rh5 Rg4 72. Ra5 Kd6 73. Kd3 Kc6 74. Ke3 Rb4 75. Rh5 Rb3+ 76. Kd2 Rg3 77. Ke2 Kd6 78. Kf2 Ra3 79. Ke2 Ke6 80. Kd2 Kd6 81. Kc2 Kc6 82. Kb2 Rg3 83. Kc2 Rg2+ 84. Kd3 Rg4 85. Ke3 Ra4 86. Kf3 Ra3+ 87. Ke2 Ra2+ 88. Kd3 Ra1 89. Kc2 Rg1 90. Kd3 Rg4 91. Ke3 Rb4 92. Kd3 Rb3+ 93. Kc2 Rb4 94. Kc3 Rf4 95. Kd3 Rb4 96. Kc3 Rb5 97. Rxb5 Kxb5 1/2-1/2


[Site "https://www.chess.com"]

[Event "Titled Tuesday Blitz February 21 Early 2023"]
[White "Jiganchine, Roman"]
[Black "Malka, Samuel"]
[WhiteFideId "2603667"]
[BlackFideId "20643675"]
[WhiteElo "2205"]
[BlackElo "2165"]
[Result "1/2-1/2"]
[Round "03"]
[TimeControl "180+2"]
[Date "2023.02.21"]
[WhiteClock "0:00:06"]
[BlackClock "0:00:13"]

1. e4 e5 2. Nf3 Nc6 3. Nc3 Nf6 4. Bb5 Nd4 5. O-O Nxb5 6. Nxb5 c6 7. Nc3 Qc7 8. d4 d6 9. a4 a5 10. h3 Be7 11. d5 h6 12. Qd3 Bd7 13. Be3 O-O 14. Rfc1 Nh7 15. Rd1 Kh8 16. Nxe5 Bc8 17. Nc4 f5 18. Nb6 Rb8 19. Nxc8 Qxc8 20. exf5 Qxf5 21. Qxf5 Rxf5 22. Rd2 Rff8 23. Bb6 Ra8 24. Re1 Bg5 25. Be3 Bf6 26. Bd4 Bg5 27. Be3 Bd8 28. dxc6 bxc6 29. Rxd6 Nf6 30. Rxc6 Rb8 31. Nb5 Be7 32. Rd1 Rfc8 33. Rxc8+ Rxc8 34. c3 Ne4 35. Rd4 Nc5 36. Rc4 Rd8 37. Bxc5 Rd1+ 38. Kh2 Bf6 39. Bd4 Bg5 40. Be3 Bf6 41. Bd4 Bg5 42. Be3 Bf6 43. Nd4 Rb1 44. b4 axb4 45. Rxb4 Ra1 46. Nf5 Kh7 47. g3 Ra2 48. Kg2 Kg6 49. g4 Bxc3 50. Rc4 Bf6 51. Ng3 Ra3 52. Nf5 h5 53. gxh5+ Kxf5 54. h6 gxh6 55. Bxh6 Kg6 56. Be3 Bd8 57. Rg4+ Kf5 58. Rf4+ Ke5 59. Rg4 Ra2 60. h4 Kf5 61. Rg3 Bxh4 62. Rf3+ Ke6 63. Rf4 Be7 64. Re4+ Kd7 65. Rd4+ Ke6 66. Re4+ Kd7 67. Rd4+ Ke6 68. Re4+ 1/2-1/2


[Site "https://www.chess.com"]

[Event "Titled Tuesday Blitz February 21 Early 2023"]
[White "Pein, Jonathan"]
[Black "Orujov, Elshad"]
[WhiteFideId "417092"]
[BlackFideId "13403540"]
[WhiteElo "2265"]
[BlackElo "2304"]
[Result "0-1"]
[Round "03"]
[TimeControl "180+2"]
[Date "2023.02.21"]
[WhiteClock "0:00:49"]
[BlackClock "0:00:26"]

1. g3 d5 2. Bg2 Nf6 3. f4 c5 4. Nf3 Nc6 5. O-O g6 6. e3 Bg7 7. b3 Ne4 8. c3 O-O 9. d4 cxd4 10. exd4 Bf5 11. Nfd2 Nf6 12. Ba3 Rc8 13. Re1 Re8 14. h3 h5 15. Kh2 e6 16. Nf3 Ne4 17. Nh4 Bf6 18. Nxf5 exf5 19. Qd3 Qc7 20. Nd2 h4 21. Nxe4 fxe4 22. Qe3 hxg3+ 23. Qxg3 Ne7 24. Bxe7 Rxe7 25. c4 dxc4 26. Bxe4 Kg7 27. bxc4 Qxc4 28. Rad1 Rce8 29. f5 Rxe4 30. Rxe4 Rxe4 31. Qg2 Rxd4 32. Rxd4 Qxd4 33. fxg6 Qb2 34. gxf7+ Qxg2+ 35. Kxg2 Kxf7 0-1


[Site "https://www.chess.com"]

[Event "Titled Tuesday Blitz February 21 Early 2023"]
[White "MunichMouse"]
[Black "Shuvalov, Evgenij"]
[BlackFideId "4187237"]
[WhiteElo "2296"]
[BlackElo "2038"]
[Result "1-0"]
[Round "03"]
[TimeControl "180+2"]
[Date "2023.02.21"]
[WhiteClock "0:00:49"]
[BlackClock "0:00:17"]

1. d4 Nf6 2. c4 g6 3. g3 c6 4. Bg2 d6 5. Nf3 Bg7 6. O-O O-O 7. Nc3 Bf5 8. h3 Ne4 9. g4 Nxc3 10. bxc3 Be4 11. Ne1 Bxg2 12. Nxg2 c5 13. Rb1 Qc7 14. Bf4 Nd7 15. Ne3 Nb6 16. Nd5 Nxd5 17. cxd5 cxd4 18. cxd4 Rfc8 19. e4 Rab8 20. Qd2 Qc3 21. Rfd1 Qxd2 22. Rxd2 Rc4 23. Be3 b6 24. Rb3 Rbc8 25. Ra3 R8c7 26. Kf1 Kf8 27. Ke2 Ke8 28. Kd3 Kd7 29. Rb2 Kc8 30. Rab3 Kb7 31. Ra3 Rc8 32. Rab3 Ra4 33. Rb4 Ra3+ 34. R4b3 Ra4 35. Rb4 Rxb4 36. Rxb4 Ka6 37. Ra4+ Kb7 38. Rb4 a5 39. Rb1 Ka6 40. a4 Rb8 41. Rb5 Rc8 42. f4 Rb8 43. e5 Rb7 44. Ke4 Rc7 45. Kd3 Rc8 46. Rb2 Rb8 47. Ke4 b5 48. f5 b4 49. f6 exf6 50. exd6 Rd8 51. Bf4 Bf8 52. Rc2 Kb7 53. Rc7+ Kb8 54. d7 b3 55. Rc8+ Kb7 56. Rxd8 Bb4 57. Rb8+ Ka6 58. d8=Q b2 59. Qb6# 1-0


[Site "https://www.chess.com"]

[Event "Titled Tuesday Blitz February 21 Early 2023"]
[White "Uzcategui Rodriguez, Alejandro"]
[Black "Buksa, Nataliya"]
[WhiteFideId "3903400"]
[BlackFideId "14123622"]
[WhiteElo "2255"]
[BlackElo "2406"]
[Result "1-0"]
[Round "03"]
[TimeControl "180+2"]
[Date "2023.02.21"]
[WhiteClock "0:00:05"]
[BlackClock "0:00:05"]

1. e4 c5 2. Nf3 Nc6 3. d4 cxd4 4. Nxd4 e5 5. Nb5 d6 6. N1c3 a6 7. Na3 Be7 8. g3 b5 9. Nd5 Nf6 10. Bg2 O-O 11. c3 Nxd5 12. Qxd5 Bb7 13. Qd3 Bg5 14. O-O Bxc1 15. Raxc1 Qe7 16. Rcd1 Rad8 17. Nc2 Na5 18. Ne3 Bc6 19. Nf5 Qe6 20. Ne3 Nc4 21. Nxc4 bxc4 22. Qe2 d5 23. exd5 Bxd5 24. Bxd5 Rxd5 25. Rxd5 Qxd5 26. Rd1 Qc5 27. Rd2 h6 28. Qe4 Qb5 29. h4 Kh8 30. Qd5 Qa4 31. Qxe5 Qxa2 32. Qe7 Kg8 33. Kh2 Qb1 34. Kg2 Qf5 35. Rd8 Rxd8 36. Qxd8+ Kh7 37. Qd4 Qe6 38. Kf3 g6 39. Qe4 Qc8 40. h5 Qc7 41. hxg6+ fxg6 42. Qd5 h5 43. Kg2 Kh6 44. Qe6 Kg7 45. Qxa6 Qc5 46. Qb7+ Kf6 47. Qe4 Qb5 48. Kf3 g5 49. Qd4+ Ke6 50. Kg2 Qc6+ 51. Kh2 Kf5 52. Qd1 Kg6 53. Qe2 g4 54. Qc2+ Kg5 55. b3 h4 56. Qd2+ Kh5 57. gxh4 Kxh4 58. bxc4 Qc7+ 59. Kg1 Kh5 60. Qd5+ Kh4 61. c5 g3 62. Qd4+ Kh5 63. Qd5+ Kh4 64. Qd6 gxf2+ 65. Kxf2 Qf7+ 66. Ke3 Qf1 67. Kd4 Qd1+ 68. Kc4 Qe2+ 69. Kb4 Qb2+ 70. Ka4 Qxc3 71. c6 Qc2+ 72. Kb5 Qb3+ 73. Qb4+ 1-0


[Site "https://www.chess.com"]

[Event "Titled Tuesday Blitz February 21 Early 2023"]
[White "Zhukova, Natalia"]
[Black "Jenkins, Drake"]
[WhiteFideId "14101513"]
[BlackFideId "2022397"]
[WhiteElo "2324"]
[BlackElo "2130"]
[Result "1-0"]
[Round "03"]
[TimeControl "180+2"]
[Date "2023.02.21"]
[WhiteClock "0:00:03"]
[BlackClock "0:00:01"]

1. c4 Nf6 2. Nc3 d5 3. cxd5 Nxd5 4. Nf3 g6 5. e4 Nxc3 6. bxc3 Bg7 7. h4 h6 8. h5 g5 9. d4 c5 10. Bd3 cxd4 11. cxd4 Nc6 12. e5 Bg4 13. Be3 Qa5+ 14. Kf1 Rd8 15. Rb1 O-O 16. Rxb7 Qxa2 17. Be4 Qa6+ 18. Kg1 Qxb7 19. Qa4 Rc8 20. Nxg5 Qb4 21. Bxc6 Qxa4 22. Bxa4 hxg5 23. h6 Bh8 24. h7+ Kg7 25. Bxg5 f6 26. Bh6+ Kg6 27. Bxf8 Rxf8 28. f3 Be6 29. g4 fxe5 30. Bc2+ Kg5 31. Kf2 exd4 32. Rh5+ Kf6 33. g5+ Kg7 34. g6 Ra8 35. Re5 Kf6 36. f4 a5 37. Re1 a4 38. f5 Bxf5 39. Bxf5 Kxf5 40. Rxe7 a3 41. g7 Bxg7 42. Rxg7 a2 43. Rg8 a1=Q 44. h8=Q 1-0


[Site "https://www.chess.com"]

[Event "Titled Tuesday Blitz February 21 Early 2023"]
[White "Degenbaev, Aziz"]
[Black "Rosh Jain"]
[WhiteFideId "13802640"]
[BlackFideId "25789465"]
[WhiteElo "2203"]
[BlackElo "2248"]
[Result "1-0"]
[Round "03"]
[TimeControl "180+2"]
[Date "2023.02.21"]
[WhiteClock "0:00:13"]
[BlackClock "0:00:17"]

1. e4 c5 2. Nf3 d6 3. d4 cxd4 4. Nxd4 Nf6 5. Nc3 a6 6. h3 e5 7. Nde2 Be7 8. g4 h6 9. Bg2 Be6 10. O-O Nbd7 11. Be3 O-O 12. Qd2 b5 13. Rad1 Rc8 14. f4 exf4 15. Nxf4 Bc4 16. Rf2 Ne5 17. Ncd5 Bxd5 18. Nxd5 Nc4 19. Nxe7+ Qxe7 20. Qd4 Nxe3 21. Qxe3 Rfe8 22. c3 d5 23. Rxf6 Qxf6 24. Rxd5 Qe6 25. Qd4 Rc4 26. Qa7 Ra4 27. a3 Qf6 28. Qf2 Qg5 29. Rxg5 hxg5 30. Qc5 Rc4 31. Qxg5 Re6 32. h4 f6 33. Qd5 Kf7 34. g5 Rc7 35. g6+ Ke7 36. Qa8 Rd7 37. Qg8 Kd6 38. Bh3 Rde7 39. Bxe6 Rxe6 40. Qxg7 Ke5 41. Qf7 Rd6 42. g7 Kf4 43. g8=Q Rd1+ 44. Kf2 Rd2+ 45. Ke1 Rxb2 46. Qxf6+ Ke3 47. Qg3+ Kxe4 48. Qge5+ Kd3 49. Qd4+ Kc2 50. Qff2+ Kb3 51. Qxb2+ Kxb2 52. c4+ Kxa3 53. cxb5 axb5 54. h5 b4 55. h6 b3 56. Qa1+ Kb4 57. Qb1 b2 58. h7 Ka4 59. h8=Q Ka3 60. Qhxb2+ Ka4 61. Q1a1# 1-0


[Site "https://www.chess.com"]

[Event "Titled Tuesday Blitz February 21 Early 2023"]
[White "Schut, Han"]
[Black "Papayan, Oleg"]
[WhiteFideId "1005561"]
[BlackFideId "4193911"]
[WhiteElo "2101"]
[BlackElo "2253"]
[Result "1/2-1/2"]
[Round "03"]
[TimeControl "180+2"]
[Date "2023.02.21"]
[WhiteClock "0:00:02"]
[BlackClock "0:00:15"]

1. e4 d5 2. exd5 Qxd5 3. Nc3 Qd8 4. d4 c6 5. Nf3 Bf5 6. Ne5 Nd7 7. Qf3 Nxe5 8. Qxf5 Qxd4 9. Be3 Qd6 10. Bf4 f6 11. Rd1 e6 12. Qe4 Qb4 13. Bxe5 Qxe4+ 14. Nxe4 fxe5 15. Bc4 Nf6 16. Ng5 Nd5 17. Nxe6 Rc8 18. c3 Ke7 19. Nxf8 Rhxf8 20. Bxd5 cxd5 21. Rxd5 Ke6 22. Rd2 Rf4 23. O-O Ra4 24. a3 Rc7 25. Re1 Ra6 26. f4 Rc5 27. Rde2 Rb6 28. Rxe5+ Rxe5 29. Rxe5+ Kf6 30. Re2 Kf5 31. g3 Kg4 32. Kg2 h5 33. h3+ Kf5 34. Kf3 g6 35. g4+ Kf6 36. Rd2 a5 37. b4 Rc6 38. Rd3 b6 39. Ke4 Rc4+ 40. Ke3 Ke6 41. Kf3 Ke7 42. Re3+ Kf6 43. g5+ Kf7 44. Rd3 Ke6 45. Re3+ Kf7 46. Rd3 Ke6 47. Re3+ Kd5 48. Rd3+ Ke6 1/2-1/2


[Site "https://www.chess.com"]

[Event "Titled Tuesday Blitz February 21 Early 2023"]
[White "Nugumanov, Bakhtiyar"]
[Black "Andreev, Konstantin"]
[WhiteFideId "13701797"]
[BlackFideId "24239305"]
[WhiteElo "2316"]
[BlackElo "2195"]
[Result "0-1"]
[Round "03"]
[TimeControl "180+2"]
[Date "2023.02.21"]
[WhiteClock "0:00:38"]
[BlackClock "0:01:28"]

1. Nf3 Nf6 2. c4 e6 3. g3 d5 4. Bg2 dxc4 5. Qa4+ Nbd7 6. Qxc4 a6 7. Qc2 c5 8. O-O Bd6 9. Nc3 O-O 10. d4 cxd4 11. Nxd4 Ra7 12. Be3 Ng4 13. Bd2 Bc5 14. e3 Bxd4 15. exd4 b6 16. h3 Ngf6 17. d5 exd5 18. Nxd5 Nxd5 19. Bxd5 Nf6 20. Bg2 Rc7 21. Qb3 Qxd2 22. Qxb6 Rc2 0-1


[Site "https://www.chess.com"]

[Event "Titled Tuesday Blitz February 21 Early 2023"]
[White "Kejna, Piotr"]
[Black "Sabar, Ethmane Daouda"]
[WhiteFideId "21821704"]
[BlackFideId "19600097"]
[WhiteElo "2027"]
[BlackElo "2040"]
[Result "1-0"]
[Round "03"]
[TimeControl "180+2"]
[Date "2023.02.21"]
[WhiteClock "0:00:03"]
[BlackClock "0:00:02"]

1. e4 e5 2. Nf3 Nc6 3. Bc4 Nf6 4. d3 d5 5. exd5 Nxd5 6. O-O Bc5 7. Nbd2 O-O 8. Ne4 Be7 9. Re1 h6 10. Ng3 Qd6 11. c3 Be6 12. Bb3 f5 13. Qe2 Bf6 14. Bc2 Rae8 15. Bd2 Kh7 16. Rad1 g6 17. a3 Bf7 18. Qf1 Re7 19. b4 a6 20. c4 Nf4 21. b5 axb5 22. cxb5 Nd4 23. Bb4 Nxf3+ 24. gxf3 Qd5 25. Re3 Rfe8 26. Bxe7 Rxe7 27. a4 Ne6 28. Qg2 f4 29. Ne4 Bg7 30. Ree1 Nd4 31. Rc1 Qa2 32. Bd1 Be6 33. Rc5 Bf5 34. Rf1 Qe6 35. Re1 Bh3 36. Qh1 Qf5 37. Be2 Qh5 38. Rcc1 Rf7 39. Rc4 Rf5 40. Rxd4 exd4 41. Bf1 Rg5+ 42. Nxg5+ Qxg5+ 43. Bg2 c6 44. Kf1 Bf5 45. bxc6 Bxd3+ 46. Kg1 bxc6 47. h4 Qd5 48. h5 g5 49. Qh3 1-0


[Site "https://www.chess.com"]

[Event "Titled Tuesday Blitz February 21 Early 2023"]
[White "Kohler, Aran"]
[Black "Manukyan, Sargis V."]
[WhiteFideId "1002856"]
[BlackFideId "13303465"]
[WhiteElo "2010"]
[BlackElo "2253"]
[Result "0-1"]
[Round "03"]
[TimeControl "180+2"]
[Date "2023.02.21"]
[WhiteClock "0:00:25"]
[BlackClock "0:01:43"]

1. Nf3 Nf6 2. d4 g6 3. Bg5 Bg7 4. Nbd2 d5 5. e3 O-O 6. Bd3 c5 7. c3 Nc6 8. dxc5 a5 9. O-O Qc7 10. e4 dxe4 11. Nxe4 Nxe4 12. Bxe4 Rd8 13. Qc2 Ne5 14. Nxe5 Bxe5 15. g3 Qxc5 16. Be3 Qc7 17. Rfd1 Bg4 18. Rxd8+ Rxd8 19. f3 Be6 20. Rd1 b5 21. Rxd8+ Qxd8 22. a3 Qd6 23. Qd2 Qc7 24. Bh6 f6 25. Bd5 Qc5+ 26. Kg2 Qxd5 27. c4 Qxd2+ 28. Bxd2 bxc4 29. Bxa5 Bxb2 30. a4 c3 0-1


[Site "https://www.chess.com"]

[Event "Titled Tuesday Blitz February 21 Early 2023"]
[White "UNSTOPPABLE_LEGEND"]
[Black "Hernandez Jimenez, Alexander Andres"]
[BlackFideId "3900452"]
[WhiteElo "2437"]
[BlackElo "2134"]
[Result "1-0"]
[Round "03"]
[TimeControl "180+2"]
[Date "2023.02.21"]
[WhiteClock "0:00:32"]
[BlackClock "0:00:44"]

1. d4 Nf6 2. c4 e6 3. Nc3 Bb4 4. e3 d5 5. a3 Bxc3+ 6. bxc3 c5 7. cxd5 exd5 8. Bd3 O-O 9. Ne2 c4 10. Bc2 Bg4 11. f3 Bh5 12. Nf4 Bg6 13. Nxg6 hxg6 14. O-O Nc6 15. Re1 Re8 16. e4 b5 17. e5 Nd7 18. f4 Nf8 19. Qg4 Qc8 20. f5 Ne7 21. e6 Nxf5 22. exf7+ Kxf7 23. Bf4 Qd7 24. Be5 Kg8 25. Rf1 Re7 26. Bxf5 gxf5 27. Rxf5 Rf7 28. Raf1 Rxf5 29. Rxf5 Qe7 30. Bxg7 Qe1+ 31. Rf1 Qe3+ 32. Kh1 Qe6 33. Rxf8+ 1-0


[Site "https://www.chess.com"]

[Event "Titled Tuesday Blitz February 21 Early 2023"]
[White "Thomas, Anysia"]
[Black "Abdilkhair, Abilmansur"]
[WhiteFideId "670472"]
[BlackFideId "13716417"]
[WhiteElo "2147"]
[BlackElo "2268"]
[Result "0-1"]
[Round "03"]
[TimeControl "180+2"]
[Date "2023.02.21"]
[WhiteClock "0:00:02"]
[BlackClock "0:00:04"]

1. d4 e6 2. c4 Nf6 3. Nf3 d5 4. g3 c6 5. Bg2 dxc4 6. a4 b5 7. axb5 cxb5 8. Ne5 Nd5 9. e4 Nb6 10. Qh5 Bb4+ 11. Nc3 O-O 12. O-O Bb7 13. Nxb5 f6 14. Ng4 a6 15. Nc3 Qxd4 16. Be3 Qd6 17. e5 Qc7 18. Bxb7 Qxb7 19. exf6 gxf6 20. Nh6+ Kh8 21. Qg4 Nc6 22. Qxe6 Ne5 23. Qxb6 Nf3+ 24. Kg2 Ne1+ 25. Kh3 Qg2+ 26. Kg4 Rg8+ 27. Kf5 Qh3+ 28. g4 Qf3+ 29. Bf4 Rg6 30. Nf7+ Kg7 31. Qxf6+ Rxf6+ 32. Kg5 Qxf4+ 33. Kh4 Rh6+ 0-1


[Site "https://www.chess.com"]

[Event "Titled Tuesday Blitz February 21 Early 2023"]
[White "Simonovic, Miroslav"]
[Black "Silvestre, Christian"]
[WhiteFideId "919152"]
[BlackFideId "30956269"]
[WhiteElo "2082"]
[BlackElo "1942"]
[Result "0-1"]
[Round "03"]
[TimeControl "180+2"]
[Date "2023.02.21"]
[WhiteClock "0:00:01"]
[BlackClock "0:00:29"]

1. d4 e5 2. c3 exd4 3. cxd4 d5 4. Nc3 c6 5. Nf3 Nf6 6. Bg5 h6 7. Bh4 Bd6 8. Bg3 Bf5 9. e3 Bxg3 10. hxg3 Nbd7 11. Bd3 Bxd3 12. Qxd3 Qe7 13. O-O-O Ne4 14. Rdf1 Ndf6 15. Nd2 Nxc3 16. Qxc3 Rc8 17. Kb1 O-O 18. f3 c5 19. dxc5 Rxc5 20. Qd3 Rc6 21. Nb3 Re8 22. Re1 Re6 23. g4 Rxe3 24. Rxe3 Qxe3 25. Rd1 Qxd3+ 26. Rxd3 Re2 27. Rd2 Rxd2 28. Nxd2 Kf8 29. Kc2 Ke7 30. Kd3 Kd6 31. Kd4 Ne8 32. Nf1 Nc7 33. Ne3 Ne6+ 34. Kd3 Ke5 35. g3 Nc5+ 36. Kd2 g6 37. b4 Ne6 38. Kd3 Kd6 39. f4 Nd8 40. a3 Nc6 41. Nc2 a6 42. Ne1 Na7 43. Nc2 Nb5 44. a4 Nc7 45. Nd4 Ne6 46. Nf3 a5 47. bxa5 Nc5+ 48. Kd4 Nb3+ 49. Kd3 Nxa5 50. Ne5 Ke6 51. Kd4 Nb3+ 52. Kc3 Nc5 53. Kb4 Ne4 54. Kb5 Nxg3 55. Nd3 Kd6 56. Kb6 h5 57. gxh5 gxh5 58. Kxb7 h4 59. a5 h3 60. a6 h2 61. Nf2 Ne4 62. Nh1 Nc5+ 63. Kb6 Nxa6 64. Kxa6 d4 65. Kb5 d3 66. Ng3 Kd5 67. Kb4 d2 68. Nf1 h1=Q 69. Nxd2 Qe1 70. Kc3 Qe3+ 71. Kc2 Qxf4 72. Kd3 Qg3+ 73. Ke2 f5 74. Nf1 Qg2+ 75. Ke1 f4 76. Nd2 f3 0-1


[Site "https://www.chess.com"]

[Event "Titled Tuesday Blitz February 21 Early 2023"]
[White "Sarkar, Justin"]
[Black "Ruge, Edison"]
[WhiteFideId "2010011"]
[BlackFideId "4401000"]
[WhiteElo "2309"]
[BlackElo "2201"]
[Result "0-1"]
[Round "03"]
[TimeControl "180+2"]
[Date "2023.02.21"]
[WhiteClock "0:00:04"]
[BlackClock "0:01:38"]

1. e4 e5 2. f4 exf4 3. Nf3 d5 4. exd5 c6 5. dxc6 Bd6 6. cxb7 Bxb7 7. Bb5+ Nd7 8. Qe2+ Ne7 9. O-O O-O 10. d4 Ng6 11. c3 Nf6 12. Nbd2 a6 13. Bd3 Re8 14. Qd1 Ng4 15. Nc4 Bc7 16. h3 Ne3 17. Bxe3 fxe3 18. Bxg6 hxg6 19. Qe2 Bg3 20. Nfe5 Bf2+ 21. Rxf2 exf2+ 22. Qxf2 f6 23. Nxg6 Qd5 24. Nb6 Qb5 25. Nxa8 Re2 26. Nc7 Qxb2 27. Ne7+ Kf7 0-1


[Site "https://www.chess.com"]

[Event "Titled Tuesday Blitz February 21 Early 2023"]
[White "Cramling Bellon, Anna"]
[Black "Mayaud, Raphael"]
[WhiteFideId "32009232"]
[BlackFideId "627151"]
[WhiteElo "2043"]
[BlackElo "2201"]
[Result "0-1"]
[Round "03"]
[TimeControl "180+2"]
[Date "2023.02.21"]
[WhiteClock "0:00:02"]
[BlackClock "0:00:11"]

1. d4 Nf6 2. c4 c5 3. d5 b5 4. cxb5 a6 5. Nc3 axb5 6. e4 b4 7. Nb5 d6 8. Bc4 Nbd7 9. Nf3 Nb6 10. Qc2 Nxc4 11. Qxc4 Ba6 12. a4 g6 13. Bg5 Bg7 14. O-O O-O 15. Rad1 Nd7 16. b3 Ne5 17. Nxe5 Bxe5 18. f4 Bf6 19. Bxf6 exf6 20. Qc2 Bxb5 21. axb5 Qd7 22. Qb2 Kg7 23. e5 fxe5 24. fxe5 dxe5 25. Qxe5+ f6 26. Qe6 Ra7 27. b6 Rb7 28. Qc6 Rf7 29. Qxc5 Qd8 30. Qxb4 Qxb6+ 31. Qxb6 Rxb6 32. Rd3 Rd7 33. Kf2 f5 34. Ke3 Rb4 35. d6 Kf6 36. Rf4 Rb6 37. Rfd4 Ke6 38. Kf4 Kf6 39. h4 h6 40. g4 g5+ 41. hxg5+ hxg5+ 42. Kf3 f4 43. Rd5 Kg6 44. R5d4 Kf6 45. b4 Ke6 46. Re4+ Kf6 47. Red4 Rb5 48. Ke4 Re5+ 49. Kf3 Re1 0-1


[Site "https://www.chess.com"]